Map: Tokamak LE

Players

Zoun - Winner!

  • Race: Protoss Protoss
  • League: Master
  • Spawn Location: 1:00

Moja

  • Race: Terran Terran
  • League: Grandmaster
  • Spawn Location: 7:00

Event: HomeStory Cup XXVII

VOD

Have the link to the VOD?

Description

Time

  • Played on: June 28, 2025, 7:29 a.m.
  • Length: 5:46

All games in this series

Show
View Real Time Build Order
Export as new Build Order

Zoun Protoss - Winner!

Build Orders: 1 Gate Expand, Phoenix Opening, Blink Stalkers 

Get SALT Encoding   

  12  0:00  Probe  
  13  0:12  Probe  
  14  0:16  Pylon  
  14  0:23  Probe  
  15  0:31  Probe  
  15  0:36  Gateway  
  15  0:39  Probe  
  16  0:45  Assimilator  
  17  0:50  Probe  
  18  1:03  Probe  
  19  1:15  Probe  
  20  1:23  Cybernetics Core  
  20  1:33  Nexus  
  20  1:41  Pylon  
  20  1:44  Probe  
  21  1:48  Stalker  
  21  1:51  Assimilator  
  21  1:56  Probe  
  24  2:03  Warp Gate  
  24  2:08  Probe  
  25  2:17  Phoenix  
  25  2:18  Sentry  
  25  2:20  Probe  
  28  2:32  Probe  
  29  2:38  Twilight Council  
  29  2:41  Probe  
  29  2:44  Probe  
  29  2:46  Blink  
  29  2:48  Stalker  
  29  2:49  Probe  
  33  2:56  Probe  
  35  3:00  Probe  
  35  3:01  Phoenix  
  35  3:03  Gateway  
  36  3:09  Probe  
  36  3:12  Probe  
  38  3:21  Probe  
  38  3:24  Probe  
  40  3:32  Gateway  
  40  3:33  Probe  
  41  3:35  Shield Battery  
  41  3:36  Probe  
  41  3:39  Pylon  
  42  3:45  Probe  
  44  3:48  Probe  
  44  3:49  Robotics Facility  
  44  3:55  Stalker  
  46  3:57  Probe, Stalker  
  46  4:02  Pylon  
  49  4:03  Probe  
  50  4:15  Probe  
  50  4:16  Probe  
  52  4:20  Nexus  
  52  4:22  Pylon  
  52  4:27  Assimilator  
  52  4:28  Probe  
  52  4:29  Probe  
  54  4:32  Shield Battery  
  54  4:36  Stalker  
  54  4:37  Observer  
  57  4:40  Stalker  
  57  4:43  Probe  
  60  4:46  Probe  
  61  4:55  Probe  
  61  4:57  Stalker  
  61  4:58  Probe  
  65  5:07  Probe  
  65  5:10  Probe  
  65  5:13  Robotics Bay  
  67  5:20  Probe  
  67  5:22  Probe  
  67  5:32  Probe  
Show
View Real Time Build Order
Export as new Build Order

Moja Terran 

Build Orders: Reaper Expand, Banshee Rush 

Get SALT Encoding   

  12  0:00  SCV  
  13  0:12  SCV  
  14  0:16  Supply Depot  
  14  0:24  SCV  
  15  0:38  SCV  
  15  0:40  Barracks  
  15  0:42  Refinery  
  16  0:50  SCV  
  17  1:02  SCV  
  18  1:14  SCV  
  19  1:26  Orbital Command, Reaper  
  20  1:41  Command Center  
  20  1:52  SCV  
  21  1:55  Supply Depot  
  21  1:58  Marine  
  22  2:04  SCV  
  22  2:07  Factory  
  23  2:16  Marine, SCV  
  23  2:20  Bunker  
  25  2:27  Refinery  
  25  2:28  SCV  
  26  2:35  Barracks Reactor  
  26  2:40  SCV  
  27  2:52  SCV  
  27  2:53  Starport  
  27  2:56  Orbital Command  
  27  3:03  Factory Tech Lab  
  27  3:05  SCV  
  28  3:17  SCV  
  28  3:19  Command Center  
  29  3:24  SCV  
  30  3:29  SCV  
  31  3:35  Cloaking Field  
  31  3:36  Banshee, SCV  
  31  3:40  Factory Tech Lab  
  31  3:41  Marine  
  36  3:42  SCV  
  36  3:43  Marine  
  38  3:48  Supply Depot  
  38  3:51  SCV  
  38  3:54  SCV  
  40  3:59  Marine  
  40  4:01  Marine  
  45  4:02  Siege Tank  
  45  4:04  SCV  
  46  4:10  SCV  
  46  4:11  Supply Depot  
  46  4:16  Marine  
  48  4:17  SCV  
  48  4:18  Marine  
  48  4:21  Banshee  
  48  4:22  SCV  
  54  4:29  Barracks  
  54  4:31  Orbital Command  
  54  4:32  SCV  
  54  4:34  SCV  
  54  4:37  Marine x2  
  58  4:45  Siege Tank  
  58  4:47  SCV x2  
  58  4:50  Refinery  
  63  4:54  Barracks  
  60  5:01  SCV  
  60  5:04  SCV x2  
  60  5:07  Marine x2  
  59  5:14  SCV  
Tags
 
Add a new tag
Caveats
  • Supply blocks, unpowered buildings, or Contaminate may cause inaccurate times.
  • Supply counts are checked every 10 seconds.